Map: Seeds of Aiur

Players

MarantinO

  • Race: Zerg Zerg
  • League: Platinum
  • Spawn Location: 1:00

Darkonzy

  • Race: Protoss Protoss
  • League: Gold
  • Spawn Location: 1:00

ILIEKEGGPIE - Winner!

  • Race: Protoss Protoss
  • League: Gold
  • Spawn Location: 7:00

BizMac - Winner!

  • Race: Zerg Zerg
  • Spawn Location: 7:00

VOD

Have the link to the VOD?

Description

Time

  • Played on: April 5, 2018, 12:16 p.m.
  • Length: 10:53
Show
View Real Time Build Order
Export as new Build Order

MarantinO Zerg 

Build Orders: Pool First 

Get SALT Encoding   

  12  0:01  Drone  
  13  0:08  Drone  
  14  0:18  Overlord  
  14  0:37  Spawning Pool, Drone  
  14  0:41  Extractor  
  13  0:45  Drone  
  13  0:48  Drone  
  15  1:01  Drone x2  
  17  1:10  Drone  
  18  1:29  Hatchery  
  17  1:34  Drone x2  
  19  1:44  Queen  
  21  1:55  Extractor  
  21  1:56  Drone  
  21  1:57  Drone  
  22  2:05  Overlord  
  22  2:23  Lair  
  22  2:25  Zergling x4  
  24  2:38  Metabolic Boost  
  24  2:39  Zergling x2  
  24  2:44  Drone  
  26  2:47  Zergling x2  
  26  2:51  Queen  
  27  2:55  Drone  
  30  2:59  Drone  
  30  3:02  Drone  
  32  3:06  Drone  
  32  3:09  Drone  
  34  3:13  Drone  
  34  3:17  Drone  
  36  3:23  Overlord  
  36  3:39  Overseer  
  36  3:40  Queen  
  38  3:47  Drone x3  
  41  3:50  Baneling Nest  
  41  3:51  Overlord  
  40  3:57  Overseer  
  40  4:21  Zergling x8  
  44  4:24  Drone x2, Roach Warren  
  44  4:25  Drone  
  46  4:31  Queen  
  46  4:35  Baneling x5  
  48  4:42  Centrifical Hooks  
  48  4:48  Evolution Chamber  
  48  4:50  Overseer, Drone, Evolution Chamber  
  48  4:52  Zergling x2  
  48  4:53  Zergling x4  
  50  5:18  Roach  
  52  5:24  Overlord x3  
  52  5:30  Zerg Ground Armor Level 1  
  52  5:35  Hydralisk Den  
  52  5:39  Spire, Drone  
  52  5:40  Drone  
  56  5:42  Roach  
  56  5:43  Roach x2  
  56  5:48  Glial Reconstitution  
  58  5:57  Roach  
  58  5:58  Roach x2  
  58  6:00  Zergling x2  
  65  6:12  Overseer  
  65  6:13  Pneumatized Carapace  
  65  6:22  Extractor, Drone x4  
  65  6:23  Extractor, Drone  
  65  6:24  Overlord  
  68  6:32  Grooved Spines  
  68  6:51  Roach x4  
  76  6:58  Overlord x2  
  76  7:04  Overlord x2  
  76  7:25  Roach x2  
  76  7:26  Zergling x2  
  81  7:33  Hatchery  
  80  7:43  Hydralisk x3  
  86  7:48  Extractor  
  85  8:05  Hydralisk x4  
  85  8:10  Muscular Augments  
  93  8:13  Drone  
  87  8:22  Ravager x6  
  93  8:28  Hydralisk  
  93  8:31  Overlord  
  95  8:38  Drone x2  
  97  8:44  Zerg Missile Weapons Level 1  
  97  8:52  Baneling x6  
  97  9:11  Drone x6  
  97  9:12  Drone x2  
  105  9:22  Spore Crawler  
  105  9:23  Spore Crawler  
  103  9:25  Spore Crawler  
  68  10:03  Hydralisk x2, Roach x3  
  68  10:04  Hydralisk x4, Roach  
  88  10:12  Drone x3  
  88  10:13  Hydralisk, Drone  
Show
View Real Time Build Order
Export as new Build Order

Darkonzy Protoss 

Build Orders: 1 Gate Expand 

Get SALT Encoding   

  12  0:01  Probe  
  13  0:13  Probe  
  14  0:18  Pylon  
  14  0:25  Probe  
  15  0:37  Gateway  
  15  0:40  Probe  
  16  0:51  Assimilator  
  16  0:52  Probe  
  17  1:21  Nexus  
  17  1:24  Probe  
  18  1:40  Cybernetics Core  
  18  1:44  Probe (Chrono Boost)  
  19  1:55  Probe (Chrono Boost), Assimilator  
  20  2:06  Probe, Pylon  
  21  2:19  Pylon  
  21  2:26  Adept (Chrono Boost), Warp Gate  
  23  2:44  Adept (Chrono Boost)  
  23  2:50  Gateway  
  25  2:57  Probe, Gateway  
  26  3:05  Probe  
  26  3:17  Probe  
  27  3:23  Probe  
  28  3:29  Probe  
  28  3:33  Gateway  
  29  3:35  Probe  
  29  3:38  Gateway  
  30  3:43  Adept  
  32  3:49  Adept  
  35  3:58  Probe (Chrono Boost)  
  35  4:00  Pylon  
  35  4:06  Probe (Chrono Boost)  
  37  4:10  Probe (Chrono Boost)  
  37  4:12  Probe (Chrono Boost)  
  37  4:14  Pylon  
  38  4:28  Probe x2  
  40  4:36  Pylon  
  40  4:39  Twilight Council  
  40  4:40  Probe x2  
  40  4:41  Pylon  
  42  4:46  Sentry x2  
  42  4:52  Probe x2  
  48  4:58  Assimilator  
  48  5:04  Probe x2, Stalker  
  52  5:07  Stalker  
  54  5:16  Probe x2  
  54  5:17  Blink (Chrono Boost)  
  56  5:21  Robotics Facility  
  56  5:24  Pylon  
  56  5:33  Probe x2  
  58  5:41  Stalker x2  
  58  5:42  Pylon  
  62  5:52  Adept x2  
  62  5:53  Adept  
  68  6:07  Assimilator  
  68  6:08  Gateway  
  68  6:09  Probe, Gateway, Pylon  
  68  6:11  Probe  
  70  6:21  Forge  
  70  6:22  Immortal (Chrono Boost)  
  74  6:43  Adept x2  
  78  6:47  Protoss Ground Weapons Level 1  
  78  6:49  Immortal  
  78  6:55  Sentry x2  
  86  7:12  Charge (Chrono Boost)  
  86  7:16  Photon Cannon  
  86  7:20  Pylon, Photon Cannon  
  86  7:22  Shield Battery  
  86  7:23  Nexus  
  86  7:34  Gateway  
  86  7:39  Gateway  
  86  7:41  Pylon  
  86  7:50  Stalker x3  
  92  8:10  Pylon  
  92  8:27  Stalker  
  92  8:28  Stalker x5  
  92  8:29  Stalker  
  106  8:40  Immortal  
  110  8:49  Protoss Shields Level 1 (Chrono Boost)  
  110  8:53  Probe x2  
  110  8:54  Probe  
  113  9:04  Stalker x2  
  113  9:05  Probe  
  113  9:07  Warp Prism  
  118  9:17  Probe (Chrono Boost)  
  118  9:22  Probe (Chrono Boost)  
  118  9:23  Probe (Chrono Boost)  
  124  9:31  Probe (Chrono Boost)  
  76  9:49  Stalker x5  
  76  9:50  Stalker x4  
  76  10:08  Immortal  
  76  10:12  Robotics Bay  
  80  10:17  Pylon  
  80  10:22  Stalker x2  
  80  10:23  Pylon  
  84  10:33  Stalker x3  
Show
View Real Time Build Order
Export as new Build Order

ILIEKEGGPIE Protoss - Winner!

Build Orders:  

Get SALT Encoding   

  12  0:00  Probe  
  13  0:12  Probe  
  14  0:19  Pylon  
  14  0:25  Probe  
  15  0:37  Probe  
  16  0:44  Gateway  
  16  0:49  Probe (Chrono Boost)  
  17  1:01  Probe (Chrono Boost)  
  17  1:02  Assimilator  
  18  1:09  Probe (Chrono Boost)  
  19  1:17  Probe  
  19  1:18  Pylon  
  20  1:29  Probe  
  21  1:36  Cybernetics Core  
  21  1:41  Probe (Chrono Boost)  
  22  1:52  Assimilator  
  22  1:53  Probe (Chrono Boost)  
  23  2:00  Gateway  
  23  2:08  Gateway  
  23  2:11  Warp Gate (Chrono Boost)  
  23  2:12  Stalker  
  25  2:30  Probe  
  26  2:46  Pylon  
  26  2:49  Stalker  
  28  2:56  Stalker  
  30  3:04  Probe, Assimilator  
  31  3:05  Stalker  
  33  3:16  Robotics Facility  
  33  3:19  Stalker  
  34  3:38  Probe  
  35  3:48  Nexus  
  35  3:51  Probe  
  36  4:07  Observer (Chrono Boost)  
  37  4:14  Pylon  
  37  4:33  Immortal  
  37  4:34  Pylon  
  41  4:38  Pylon  
  41  4:43  Forge  
  41  4:48  Stalker  
  41  4:49  Stalker  
  45  4:53  Probe  
  46  5:04  Assimilator  
  46  5:05  Probe (Chrono Boost)  
  47  5:07  Assimilator  
  47  5:17  Probe (Chrono Boost)  
  47  5:19  Protoss Ground Weapons Level 1 (Chrono Boost)  
  48  5:28  Probe x2 (Chrono Boost)  
  50  5:35  Probe (Chrono Boost)  
  52  5:36  Twilight Council  
  52  5:37  Probe (Chrono Boost)  
  52  5:56  Nexus  
  52  6:11  Immortal  
  56  6:29  Probe (Chrono Boost)  
  58  6:34  Probe (Chrono Boost)  
  58  6:37  Blink (Chrono Boost)  
  59  6:40  Probe (Chrono Boost)  
  59  6:43  Probe (Chrono Boost)  
  59  6:44  Probe (Chrono Boost)  
  61  6:53  Probe  
  62  6:56  Probe  
  62  7:01  Protoss Ground Weapons Level 2 (Chrono Boost)  
  63  7:03  Gateway  
  63  7:06  Gateway  
  63  7:09  Pylon, Probe x2, Gateway  
  65  7:20  Probe  
  65  7:21  Probe  
  67  7:24  Immortal (Chrono Boost)  
  71  7:36  Probe  
  71  7:37  Probe  
  73  7:42  Robotics Bay  
  73  7:48  Probe x2  
  75  8:04  Immortal  
  79  8:22  Sentry x3  
  79  8:23  Stalker x2  
  89  8:48  Colossus (Chrono Boost)  
  93  8:50  Extended Thermal Lance (Chrono Boost)  
  95  9:00  Assimilator  
  95  9:03  Assimilator, Pylon  
  95  9:04  Pylon  
  95  9:16  Probe  
  95  9:17  Robotics Facility  
  96  9:19  Pylon  
  85  9:50  Stalker  
  85  9:51  Stalker, Sentry x2  
  85  9:52  Sentry x2  
  99  10:14  Probe (Chrono Boost)  
  99  10:19  Probe (Chrono Boost)  
  99  10:20  Probe (Chrono Boost)  
Show
View Real Time Build Order
Export as new Build Order

BizMac Zerg - Winner!

Build Orders: Pool First 

Get SALT Encoding   

  12  0:01  Drone  
  13  0:11  Drone  
  14  0:18  Overlord  
  14  0:37  Drone x3  
  17  0:51  Extractor  
  17  0:53  Spawning Pool  
  17  0:56  Drone  
  16  1:00  Drone  
  17  1:10  Drone  
  18  1:27  Hatchery, Drone  
  18  1:37  Drone  
  19  1:42  Queen  
  21  1:49  Overlord  
  21  1:58  Metabolic Boost  
  21  2:07  Zergling x4  
  23  2:15  Zergling x2  
  24  2:37  Drone x2  
  26  2:46  Queen  
  26  2:48  Drone  
  26  2:49  Overlord  
  26  2:51  Drone x4  
  33  2:55  Extractor  
  32  3:05  Overlord  
  32  3:07  Drone  
  32  3:12  Zergling x4  
  35  3:24  Lair  
  35  3:42  Drone x4  
  35  3:45  Drone x2  
  35  3:46  Drone  
  42  3:58  Evolution Chamber  
  42  4:00  Roach Warren  
  40  4:12  Extractor, Drone x4  
  40  4:16  Extractor  
  42  4:22  Drone  
  43  4:31  Hatchery  
  43  4:34  Drone x2  
  43  4:36  Evolution Chamber  
  43  4:39  Drone x2  
  43  4:42  Drone x3  
  48  4:48  Drone  
  48  4:49  Drone x3  
  48  4:51  Overlord  
  52  5:01  Spore Crawler  
  51  5:09  Queen  
  51  5:13  Drone x5  
  58  5:35  Glial Reconstitution  
  58  5:38  Hydralisk Den  
  58  5:41  Zerg Missile Weapons Level 1, Zerg Ground Armor Level 1  
  57  5:43  Drone x3  
  57  5:45  Queen  
  62  6:01  Drone  
  62  6:02  Drone  
  64  6:05  Spine Crawler, Drone  
  64  6:06  Drone x2  
  64  6:07  Overlord x2, Spine Crawler  
  64  6:08  Overlord  
  65  6:13  Grooved Spines  
  65  6:17  Drone  
  66  6:20  Extractor  
  66  6:21  Extractor, Drone x2  
  66  6:31  Drone x9  
  75  6:51  Roach  
  75  6:52  Roach x6  
  88  6:57  Overlord x3  
  88  7:15  Overlord x2  
  88  7:16  Hydralisk x9  
  106  7:24  Muscular Augments  
  106  7:26  Infestation Pit  
  106  7:28  Hydralisk x2  
  106  7:29  Hydralisk x2  
  113  7:40  Spore Crawler  
  113  7:43  Spore Crawler  
  111  7:45  Spore Crawler, Drone x2  
  111  7:49  Spore Crawler  
  111  7:51  Spore Crawler  
  110  7:53  Spore Crawler  
  110  7:55  Spore Crawler  
  110  7:57  Spore Crawler  
  107  8:00  Hydralisk  
  107  8:01  Hydralisk x4  
  117  8:07  Unknown  
  110  8:22  Roach  
  110  8:23  Roach x7  
  126  8:30  Zerg Missile Weapons Level 2  
  126  8:31  Zerg Ground Armor Level 2  
  126  8:36  Overseer x2  
  126  8:38  Overseer  
  126  8:40  Overlord x4  
  126  8:57  Drone x2  
  126  8:58  Drone  
  129  9:13  Hydralisk x4  
  129  9:14  Hydralisk x7  
  114  9:46  Hydralisk x2  
  114  9:47  Hydralisk x7  
  130  9:58  Roach  
  132  10:01  Overseer  
Tags
 
Add a new tag
Caveats
  • Supply blocks, unpowered buildings, or Contaminate may cause inaccurate times.
  • Supply counts are checked every 10 seconds.